 Dungeon Crawl Stone Soup version 0.21.0 (webtiles) character file.

277 tv1990 the Shield-Bearer (level 6, -1/49 HPs)
             Began as a Formicid Fighter on Jan 5, 2018.
             Was an Initiate of Okawaru.
             Slain by Edmund
             ... wielding a +1 flail of protection
              (7 damage)
             ... on level 4 of the Dungeon.
             The game lasted 00:04:32 (3080 turns).

tv1990 the Shield-Bearer (Formicid Fighter)         Turns: 3080, Time: 00:04:33

Health: -1/49      AC:  9    Str: 26    XL:     6   Next: 51%
Magic:  6/6        EV:  7    Int:  7    God:    Okawaru [......]
Gold:   180        SH: 10    Dex: 12    Spells: 5/5 levels left

rFire    . . .     SeeInvis +   a - +0 war axe
rCold    . . .     Gourm    .   c - +0 shield
rNeg     . . .     Faith    .   m - +0 chain mail
rPois    .         Spirit   .   (helmet unavailable)
rElec    .         Reflect  .   (no cloak)
rCorr    .         Harm     .   (no gloves)
MR       .....                  (no boots)
Stlth    ..........             (no amulet)
HPRegen  0.16/turn              (no ring)
MPRegen  0.10/turn              (no ring)

@: mighty
A: permanent stasis, dig shafts and tunnels, four strong arms, antennae 3
a: Dig, Shaft Self, Renounce Religion


You were on level 4 of the Dungeon.
You worshipped Okawaru.
Okawaru was noncommittal.
You were not hungry.

You visited 2 branches of the dungeon, and saw 5 of its levels.

You collected 180 gold pieces.

Inventory:

Hand Weapons
 a - a +0 war axe (weapon)
Armour
 b - a +0 scale mail
 c - a +0 shield (worn)
 m - a +0 chain mail (worn)
Scrolls
 e - 4 scrolls of remove curse {unknown}
 g - a scroll of teleportation {unknown}
 i - a scroll of immolation {unknown}
 j - a scroll of enchant weapon {unknown}
 l - 4 scrolls of enchant armour {unknown}
 n - a scroll of amnesia {unknown}
 o - a scroll of identify {unknown}
 p - 3 scrolls of magic mapping {unknown}
 s - a scroll of fear {unknown}
Potions
 d - a potion of might
 h - 6 potions of curing {unknown}
 k - 2 potions of agility {unknown}
 r - a potion of heal wounds {unknown}
Comestibles
 f - 10 rations


   Skills:
 + Level 4.6 Fighting
 * Level 4.6 Axes
 - Level 3.2 Armour
 + Level 5.1 Shields
 + Level 0.5 Invocations


You had 5 spell levels left.
You didn't know any spells.

Dungeon Overview and Level Annotations

Branches:
Dungeon (4/15)             Temple (1/1) D:4

Altars:
Cheibriados
Dithmenos
Elyvilon
Fedhas
Gozag
Hepliaklqana
Kikubaaqudgha
Makhleb
Nemelex Xobeh
Okawaru
Qazlal
Ru
Sif Muna
Trog
Uskayaw
Vehumet
Wu Jian
Xom
Yredelemnul
Zin
The Shining One

Annotations:
D:4 Edmund, Natasha, Sigmund


Innate Abilities, Weirdness & Mutations

You cannot be hasted, slowed, berserked, paralysed or teleported.
You can dig through walls and to a lower floor.
Your four strong arms can wield two-handed weapons with a shield.
You have a pair of large antennae on your head. (SInv)


Message History

You hit the gnoll. The gnoll hits you but does no damage.
You barely miss the gnoll. The gnoll hits you but does no damage.
You block the gnoll's attack.
You hit the gnoll.
You feel sick. You block the gnoll's attack.
Your shield and chain mail prevent you from hitting the gnoll.
You block the gnoll's attack.
You slash the gnoll!
You kill the gnoll!
Okawaru accepts your kill.
You closely miss Edmund.
You feel sick. You block Edmund's attack.
You completely miss Edmund.
Edmund hits you with a flail of protection.
* * * LOW HITPOINT WARNING * * *
You closely miss Edmund.
Edmund hits you with a flail of protection.
* * * LOW HITPOINT WARNING * * *
You closely miss Edmund.
You feel sick.
You are no longer poisoned.
Edmund hits you with a flail of protection!
You die...

#.....Z { .....#
# ....##)# ..%..
#..# #<.# #..#
######..#
##@##..{.######
#@###.#.......#
##{o{.§{..###.#
####{....{.###$
#...{{?{{⌠.....
#.##{...)..#)#..
# #.5.⌠.....o. {
#######...... {
......


You could see Edmund.

Vanquished Creatures
  An ogre (D:3)
  A howler monkey (D:3)
  Natasha (D:2)
  A worker ant (D:4)
  5 gnolls
  An adder (D:3)
  2 worms (D:2)
  8 orcs
  6 bats
  3 giant cockroaches
  9 goblins
  2 hobgoblins
  4 kobolds
  A quokka (Temple)
  2 frilled lizards
47 creatures vanquished.

Notes
Turn   | Place    | Note
-------+----------+-------------------------------------------
     0 | D:1      | tv1990 the Formicid Fighter began the quest for the Orb.
     0 | D:1      | Reached XP level 1. HP: 18/18 MP: 1/1
   182 | D:1      | Reached XP level 2. HP: 24/24 MP: 2/2
   784 | D:2      | Noticed Natasha
   792 | D:2      | Noticed a crimson imp
   792 | D:2      | Killed Natasha
   792 | D:2      | Reached skill level 4 in Shields
   792 | D:2      | Reached XP level 3. HP: 30/30 MP: 3/3
  1118 | D:2      | Reached XP level 4. HP: 37/37 MP: 4/4
  1955 | D:3      | Noticed an ogre
  1969 | D:3      | Killed an ogre
  1969 | D:3      | Reached XP level 5. HP: 15/43 MP: 5/5
  2461 | D:3      | Reached XP level 6. HP: 47/49 MP: 6/6
  2631 | D:3      | Reached skill level 5 in Shields
  2902 | D:4      | Found a staircase to the Ecumenical Temple.
  2902 | D:4      | Noticed Edmund
  2908 | D:4      | Noticed Sigmund
  2911 | Temple   | Entered the Ecumenical Temple
  3018 | Temple   | Became a worshipper of Warmaster Okawaru
  3060 | D:4      | Noticed Natasha
  3080 | D:4      | Slain by Edmund

Skill      XL: |  1  2  3  4  5  6 |
---------------+-------------------+-----
Shields        | 4 5 |  5.1
Axes           | 3 4 |  4.6
Fighting       | 4 |  4.6
Armour         | |  3.2
Invocations    | |  0.5

Action                   |  1- 3 |  4- 6 || total
-------------------------+-------+-------++-------
Melee: War axe           |    63 |    95 ||   158
 Abil: Dig               |       |     1 ||     1
  Use: Potion            |       |     1 ||     1
  Eat: Chunk             |       |     7 ||     7
Armor: Scale mail        |    32 |     1 ||    33
       Chain mail        |       |    48 ||    48
Dodge: Dodged            |    26 |    25 ||    51
Block: Shield            |    37 |    63 ||   100

Vault maps used:
D:1:      dpeg_arrival_stone_temple_mockup, minmay_misc_feat_diagonals
D:2:      uniq_natasha
D:3:      minivault_25, minmay_ogre_servants
D:4:      temple_fountains, first_ration, uniq_sigmund, uniq_crazy_yiuf_cottage,
          uniq_edmund
Temple:   kilobyte_greek_temple
